AAA WEST
SACRAMENTO RIVER CATS @ EL PASO CHIHUAHUAS
04/27/2042
 
TOP OF THE 1ST
Sacramento River Cats batting - Pitching for El Paso Chihuahuas : RHP Josh Carlson
Pitching: RHP Josh Carlson
Batting: LHB Deron Ferrell 0-0: Ball
1-0: Fly out, F9 (Flyball, 9D, EV 80.6 MPH)
Batting: RHB Luis Hernández 0-0: Ground out 4-3 (Groundball, 4, EV 86.9 MPH)
Batting: RHB Dewitt Mathews 0-0: Ball
1-0: Called Strike
1-1: Called Strike
1-2: Ball
2-2: Ground out 6-3 (Groundball, 6, EV 85.0 MPH)
Top of the 1st over - 0 runs, 0 hits, 0 errors, 0 left on base; Sacramento 0 - El Paso 0
BOTTOM OF THE 1ST
El Paso Chihuahuas batting - Pitching for Sacramento River Cats : LHP Stan Marshall
Pitching: LHP Stan Marshall
Batting: RHB José Beltrán 0-0: Foul Ball, location: 7LSF
0-1: Swinging Strike
0-2: Foul Ball, location: 3F
0-2: Ball
1-2: Ball
2-2: Strikes out swinging
Batting: LHB Freddy Newton 0-0: Foul Ball, location: 2F
0-1: Swinging Strike
0-2: Ball
1-2: Ground out 4-3 (Groundball, 34, EV 102.5 MPH)
Batting: LHB Gene Norman 0-0: Ball
1-0: Called Strike
1-1: Ball
2-1: Ball
3-1: Called Strike
3-2: Strikes out swinging
Bottom of the 1st over - 0 runs, 0 hits, 0 errors, 0 left on base; Sacramento 0 - El Paso 0
TOP OF THE 2ND
Sacramento River Cats batting - Pitching for El Paso Chihuahuas : RHP Josh Carlson
Batting: RHB Kris Smith 0-0: Reached on error, E1 (Groundball, 34S, EV 69.4 MPH)
Batting: RHB Lou MacDonald 0-0: Called Strike
0-1: Ball
1-1: Swinging Strike
1-2: SINGLE (Groundball, 3D, EV 106.3 MPH)
Kris Smith to second
Runner from 2nd tries for 3rd, SAFE, throw by RF made to third
Pinch Runner at 3rd Pancho Gallegos:
Batting: RHB José Simmons 0-0: Swinging Strike
0-1: Ball
1-1: Ball
2-1: Ball
3-1: Called Strike
3-2: Fly out, F4 (Popup, 4, EV 62.5 MPH)
Batting: RHB Alfredo García 0-0: Ball
1-0: Ball
2-0: Foul Ball, location: 2F
2-1: Ball
3-1: Grounds into double play, 6-4-3 (Groundball, 6S, EV 87.5 MPH)
Top of the 2nd over - 0 runs, 1 hit, 1 error, 1 left on base; Sacramento 0 - El Paso 0
BOTTOM OF THE 2ND
El Paso Chihuahuas batting - Pitching for Sacramento River Cats : LHP Stan Marshall
Now at 2B: Pancho Gallegos
Batting: RHB Jeff Lovell 0-0: Ball
1-0: Ball
2-0: Ground out 6-3 (Groundball, 6, EV 78.1 MPH)
Batting: LHB Ignacio Villa 0-0: Called Strike
0-1: Ball
1-1: Called Strike
1-2: Strikes out looking
Batting: LHB Greg Greene 0-0: Ball
1-0: Swinging Strike
1-1: Called Strike
1-2: Strikes out swinging
Bottom of the 2nd over - 0 runs, 0 hits, 0 errors, 0 left on base; Sacramento 0 - El Paso 0
TOP OF THE 3RD
Sacramento River Cats batting - Pitching for El Paso Chihuahuas : RHP Josh Carlson
Batting: LHB Luis Manuel Valéncia 0-0: Ground out U3 (Groundball, 34, EV 86.3 MPH)
Batting: RHB Jim Unknown 0-0: Fly out, F9 (Flyball, 9S, EV 91.3 MPH)
Batting: LHB Deron Ferrell 0-0: Ball
1-0: Called Strike
1-1: Swinging Strike
1-2: Ball
2-2: Strikes out looking
Top of the 3rd over - 0 runs, 0 hits, 0 errors, 0 left on base; Sacramento 0 - El Paso 0
BOTTOM OF THE 3RD
El Paso Chihuahuas batting - Pitching for Sacramento River Cats : LHP Stan Marshall
Batting: LHB Johann Sorely 0-0: Called Strike
0-1: Ball
1-1: Swinging Strike
1-2: Ball
2-2: Strikes out swinging
Batting: SHB Ignacio Archuleta 0-0: Foul Ball, location: 5DF
0-1: DOUBLE (Line Drive, 78XD, EV 104.4 MPH)
Batting: RHB Esdras Ghasabov 0-0: Ground out U3 (Groundball, 34, EV 80.6 MPH)
Ignacio Archuleta to third
Batting: RHB José Beltrán 0-0: Ball
1-0: Foul Ball, location: 9LMF
1-1: Ball
2-1: Ball
3-1: Base on Balls
Batting: LHB Freddy Newton 0-0: Ball
1-0: Foul Ball, location: 7LMF
1-1: Fly out, F6 (Popup, 6, EV 63.8 MPH)
Bottom of the 3rd over - 0 runs, 1 hit, 0 errors, 2 left on base; Sacramento 0 - El Paso 0
TOP OF THE 4TH
Sacramento River Cats batting - Pitching for El Paso Chihuahuas : RHP Josh Carlson
Batting: RHB Luis Hernández 0-0: Ground out U3 (Groundball, 34, EV 85.6 MPH)
Batting: RHB Dewitt Mathews 0-0: Called Strike
0-1: Swinging Strike
0-2: Ball
1-2: Foul Ball, location: 9LSF
1-2: Foul Ball, location: 5SF
1-2: Ground out 6-3 (Groundball, 6, EV 85.0 MPH)
Batting: RHB Pancho Gallegos 0-0: SINGLE (Line Drive, 7S, EV 100.6 MPH)
Batting: RHB Lou MacDonald 0-0: Called Strike
0-1: SINGLE (Groundball, 56, EV 90.0 MPH)
Pancho Gallegos to second
Batting: RHB José Simmons 0-0: Ball
1-0: Foul Ball, location: 2F
1-1: Foul Ball, location: 2RF
1-2: Ball
2-2: Foul Ball, location: 2F
2-2: Ground out 5-3 (Groundball, 56S, EV 86.9 MPH)
Top of the 4th over - 0 runs, 2 hits, 0 errors, 2 left on base; Sacramento 0 - El Paso 0
BOTTOM OF THE 4TH
El Paso Chihuahuas batting - Pitching for Sacramento River Cats : LHP Stan Marshall
Batting: LHB Gene Norman 0-0: Foul Ball, location: 2F
0-1: Foul Ball, location: 2F
0-2: Ball
1-2: Foul Ball, location: 3FF
1-2: Foul Ball, location: 9LSF
1-2: Ground out U3 (Groundball, 34, EV 90.0 MPH)
Batting: RHB Jeff Lovell 0-0: SOLO HOME RUN (Flyball, 7D, EV 100.6 MPH), Distance : 389 ft
Batting: LHB Ignacio Villa 0-0: Ground out 1-3 (Groundball, 23, EV 64.4 MPH)
Batting: LHB Greg Greene 0-0: Ball
1-0: Ball
2-0: Ball
3-0: Base on Balls
Batting: LHB Johann Sorely 0-0: Ball
1-0: Called Strike
1-1: Fly out, F7 (Line Drive, 7, EV 91.9 MPH)
Bottom of the 4th over - 1 run, 1 hit, 0 errors, 1 left on base; Sacramento 0 - El Paso 1
TOP OF THE 5TH
Sacramento River Cats batting - Pitching for El Paso Chihuahuas : RHP Josh Carlson
Batting: RHB Alfredo García 0-0: Ground out 4-3 (Groundball, 4, EV 93.1 MPH)
Batting: LHB Luis Manuel Valéncia 0-0: Called Strike
0-1: Ball
1-1: DOUBLE (Flyball, 89XD, EV 108.8 MPH)
Batting: RHB Jim Unknown 0-0: Foul Ball, location: 2F
0-1: Ball
1-1: Ball
2-1: Foul Ball, location: 2F
2-2: Ground out 6-3 (Groundball, 6, EV 85.6 MPH)
Batting: LHB Deron Ferrell 0-0: Called Strike
0-1: Ground out U3 (Groundball, 3, EV 86.9 MPH)
Top of the 5th over - 0 runs, 1 hit, 0 errors, 1 left on base; Sacramento 0 - El Paso 1
BOTTOM OF THE 5TH
El Paso Chihuahuas batting - Pitching for Sacramento River Cats : LHP Stan Marshall
Batting: SHB Ignacio Archuleta 0-0: Ball
1-0: Ball
2-0: Foul Ball, location: 2F
2-1: Called Strike
2-2: Foul Ball, location: 5SF
2-2: Foul Ball, location: 2F
2-2: Foul Ball, location: 3F
2-2: Foul Ball, location: 2F
2-2: Ball
3-2: Fly out, F7 (Flyball, 78M, EV 97.5 MPH)
Batting: RHB Esdras Ghasabov 0-0: Called Strike
0-1: Ball
1-1: Ball
2-1: Ball
3-1: Called Strike
3-2: SINGLE (Groundball, 4M, EV 89.4 MPH)
Batting: RHB José Beltrán 0-0: Swinging Strike
0-1: Called Strike
Esdras Ghasabov steals 2nd base
0-2: 2-RUN HOME RUN (Flyball, 7LD, EV 92.5 MPH), Distance : 350 ft
Batting: LHB Freddy Newton 0-0: Called Strike
0-1: Foul Ball, location: 5DF
0-2: Ball
1-2: SINGLE (Groundball, 6MD, EV 101.3 MPH)
Batting: LHB Gene Norman 0-0: Called Strike
0-1: Swinging Strike
0-2: Ball
1-2: Ball
2-2: SINGLE (Line Drive, 9LS, EV 98.8 MPH)
Freddy Newton to second
Batting: RHB Jeff Lovell 0-0: Fly out, F8 (Flyball, 8RXD, EV 103.1 MPH)
Runner from 2nd tags up, SAFE at 3rd, no throw by CF
Batting: LHB Ignacio Villa 0-0: Swinging Strike
0-1: Called Strike
0-2: Ball
1-2: SINGLE (Groundball, 6MD, EV 105.6 MPH)
Freddy Newton scores
Gene Norman to second
Batting: LHB Greg Greene 0-0: Foul Ball, location: 23FF
0-1: Ball
1-1: Ball
2-1: Foul Ball, location: 5SF
2-2: Strikes out swinging
Bottom of the 5th over - 3 runs, 5 hits, 0 errors, 2 left on base; Sacramento 0 - El Paso 4
TOP OF THE 6TH
Sacramento River Cats batting - Pitching for El Paso Chihuahuas : RHP Josh Carlson
Batting: RHB Luis Hernández 0-0: Ball
1-0: Foul Ball, location: 2F
1-1: Ball
2-1: Foul Ball, location: 3F
2-2: Ball
3-2: Base on Balls
Batting: RHB Dewitt Mathews 0-0: Ball
1-0: Ball
2-0: Called Strike
Luis Hernández steals 2nd base
2-1: SINGLE (Line Drive, 4MD, EV 94.4 MPH)
Luis Hernández to third
Batting: RHB Pancho Gallegos 0-0: Called Strike
0-1: Ball
1-1: Called Strike
1-2: Ball
2-2: Foul Ball, location: 2F
2-2: Strikes out swinging
Batting: RHB Lou MacDonald 0-0: Called Strike
0-1: Ball
1-1: Swinging Strike
1-2: Strikes out looking
Batting: RHB José Simmons 0-0: Ball
1-0: Ball
2-0: Foul Ball, location: 2F
2-1: Foul Ball, location: 9LMF
2-2: Ball
3-2: Fly out, F5 (Popup, 25F, EV 83.8 MPH)
Top of the 6th over - 0 runs, 1 hit, 0 errors, 2 left on base; Sacramento 0 - El Paso 4
BOTTOM OF THE 6TH
El Paso Chihuahuas batting - Pitching for Sacramento River Cats : LHP Stan Marshall
Batting: LHB Johann Sorely 0-0: Called Strike
0-1: Ball
1-1: Ball
2-1: Ground out U3 (Groundball, 3L, EV 93.1 MPH)
Pitching: RHP Clarence Bishop
Batting: SHB Ignacio Archuleta 0-0: Swinging Strike
0-1: Ball
1-1: Fly out, F9 (Flyball, 89M, EV 91.9 MPH)
Batting: RHB Esdras Ghasabov 0-0: Foul Ball, location: 2F
0-1: Swinging Strike
0-2: Ball
1-2: Foul Ball, location: 2F
1-2: Foul Ball, location: 9LDF
1-2: Foul Ball, location: 5FF
1-2: Reached on error, E9 (Line Drive, 89M, EV 86.9 MPH)
Batting: RHB José Beltrán 0-0: Called Strike
0-1: Fly out, F6 (Popup, 56, EV 70.0 MPH)
Bottom of the 6th over - 0 runs, 0 hits, 1 error, 1 left on base; Sacramento 0 - El Paso 4
TOP OF THE 7TH
Sacramento River Cats batting - Pitching for El Paso Chihuahuas : RHP Josh Carlson
Batting: RHB Alfredo García 0-0: Foul Ball, location: 5F
0-1: Ball
1-1: Ground out 4-3 (Groundball, 4, EV 83.8 MPH)
Batting: LHB Luis Manuel Valéncia 0-0: Ball
1-0: Called Strike
1-1: Ball
2-1: Ball
3-1: Reached on error, E4 (Groundball, 4, EV 104.4 MPH)
Batting: RHB Jim Unknown 0-0: Called Strike
0-1: Swinging Strike
0-2: Strikes out looking
Batting: LHB Deron Ferrell 0-0: Ball
1-0: Ball
2-0: Ball
3-0: Base on Balls
Luis Manuel Valéncia to second
Batting: RHB Luis Hernández 0-0: Ball
1-0: Fly out, F8 (Flyball, 8LD, EV 91.9 MPH)
Top of the 7th over - 0 runs, 0 hits, 1 error, 2 left on base; Sacramento 0 - El Paso 4
BOTTOM OF THE 7TH
El Paso Chihuahuas batting - Pitching for Sacramento River Cats : RHP Clarence Bishop
Batting: LHB Freddy Newton 0-0: Called Strike
0-1: Ball
1-1: Ball
2-1: Ball
3-1: Base on Balls
Batting: LHB Gene Norman 0-0: Foul Ball, location: 23F
0-1: Foul Ball, location: 2F
0-2: Ball
1-2: Ball
2-2: Ball
3-2: SINGLE (Line Drive, 7LS, EV 91.9 MPH)
Freddy Newton to second
Batting: RHB Jeff Lovell 0-0: Ball
1-0: Fly out, F8 (Flyball, 78M, EV 92.5 MPH)
Batting: LHB Ignacio Villa 0-0: Called Strike
0-1: Foul Ball, location: 3F
0-2: Grounds into double play, 5-4-3 (Groundball, 56, EV 105.0 MPH)
Bottom of the 7th over - 0 runs, 1 hit, 0 errors, 1 left on base; Sacramento 0 - El Paso 4
TOP OF THE 8TH
Sacramento River Cats batting - Pitching for El Paso Chihuahuas : RHP Josh Carlson
Batting: RHB Dewitt Mathews 0-0: Ball
1-0: Ball
2-0: Ball
3-0: Called Strike
3-1: Base on Balls
Pitching: RHP Danny Seals
Pinch Hitting: LHB Jesús Rivera 0-0: Called Strike
0-1: Foul Ball, location: 2F
0-2: Ball
1-2: Strikes out looking
Batting: RHB Lou MacDonald 0-0: Called Strike
0-1: Ball
1-1: Foul Ball, location: 9LMFF
1-2: DOUBLE (Flyball, 8LXD, EV 108.1 MPH)
Dewitt Mathews to third
Runner from 3rd tries for Home, SAFE, throw by CF to home
Batting: RHB José Simmons 0-0: Called Strike
0-1: Foul Ball, location: 25F
0-2: Ball
1-2: Strikes out swinging
Batting: RHB Alfredo García 0-0: SINGLE (Groundball, 34D, EV 104.4 MPH)
Lou MacDonald to third
Runner from 3rd tries for Home, SAFE, throw by RF to home
Alfredo García to second
Batting: LHB Luis Manuel Valéncia 0-0: Ball
1-0: Called Strike
1-1: Swinging Strike
1-2: 2-RUN HOME RUN (Flyball, 9LD, EV 95.0 MPH), Distance : 343 ft
Pitching: LHP Dave Bryant
Batting: RHB Jim Unknown 0-0: Swinging Strike
0-1: Foul Ball, location: 2F
0-2: Strikes out swinging
Top of the 8th over - 4 runs, 3 hits, 0 errors, 0 left on base; Sacramento 4 - El Paso 4
BOTTOM OF THE 8TH
El Paso Chihuahuas batting - Pitching for Sacramento River Cats : RHP Clarence Bishop
Now at 2B: Dewitt Mathews
Now at SS: Phil Jordan
Batting: LHB Greg Greene 0-0: Called Strike
0-1: Foul Ball, location: 7LMF
0-2: Foul Ball, location: 2F
0-2: Ball
1-2: Strikes out swinging
Batting: LHB Johann Sorely 0-0: Called Strike
0-1: Swinging Strike
0-2: Ball
1-2: Strikes out looking
Batting: SHB Ignacio Archuleta 0-0: Ball
1-0: SINGLE (Line Drive, 9LS, EV 105.6 MPH)
Batting: RHB Esdras Ghasabov 0-0: Ball
1-0: Ball
2-0: Called Strike
2-1: Foul Ball, location: 3SF
2-2: Strikes out swinging
Bottom of the 8th over - 0 runs, 1 hit, 0 errors, 1 left on base; Sacramento 4 - El Paso 4
TOP OF THE 9TH
Sacramento River Cats batting - Pitching for El Paso Chihuahuas : LHP Dave Bryant
Pitching: RHP Don Black
Batting: LHB Deron Ferrell 0-0: Fly out, F9 (Flyball, 89S, EV 85.0 MPH)
Batting: RHB Luis Hernández 0-0: Called Strike
0-1: Ball
1-1: Ball
2-1: Swinging Strike
2-2: SINGLE (Line Drive, 78S, EV 109.4 MPH)
Batting: RHB Dewitt Mathews 0-0: Ball
Wild Pitch!
Luis Hernández to second
1-0: Intentional Walk
Pinch Hitting: LHB Steve Browning 0-0: Foul Ball, location: 2F
0-1: Called Strike
0-2: Strikes out swinging
Batting: RHB Lou MacDonald 0-0: Ball
1-0: 3-RUN HOME RUN (Flyball, 7D, EV 103.1 MPH), Distance : 391 ft
Batting: RHB José Simmons 0-0: Called Strike
0-1: Swinging Strike
0-2: Ball
1-2: Ball
2-2: Ball
3-2: Base on Balls
Batting: RHB Alfredo García 0-0: Ball
José Simmons is caught stealing 2nd base 2-4
Top of the 9th over - 3 runs, 2 hits, 0 errors, 0 left on base; Sacramento 7 - El Paso 4
BOTTOM OF THE 9TH
El Paso Chihuahuas batting - Pitching for Sacramento River Cats : RHP Clarence Bishop
Pitching: LHP Ismael Arechar
Now at SS: Steve Browning
Batting: RHB José Beltrán 0-0: Ball
1-0: Fly out, F9 (Line Drive, 89M, EV 105.6 MPH)
Batting: LHB Freddy Newton 0-0: SINGLE (Groundball, 34D, EV 96.3 MPH)
Batting: LHB Gene Norman 0-0: Called Strike
0-1: Ball
1-1: Foul Ball, location: 23F
1-2: Foul Ball, location: 3FF
1-2: Foul Ball, location: 2RF
1-2: Ball
2-2: Foul Ball, location: 7LSF
2-2: Foul Ball, location: 2F
2-2: Fly out, F6 (Popup, 6D, EV 43.8 MPH)
Batting: RHB Jeff Lovell 0-0: Fielders Choice at 2nd, 5-4 (Groundball, 56, EV 80.6 MPH)
Bottom of the 9th over - 0 runs, 1 hit, 0 errors, 1 left on base; Sacramento 7 - El Paso 4
Friday, May 3rd , 2024 - OOTP Baseball 24.10 Build 82